 Dungeon Crawl Stone Soup version 0.21.0-24-g2553a33 (webtiles) character file.

44 Charmandara the Chopper (level 3, 2/19 HPs)
             Began as a Vine Stalker Fighter on Jan 21, 2018.
             Quit the game on level 2 of the Dungeon.
             The game lasted 00:02:41 (1282 turns).

Charmandara the Chopper (Vine Stalker Fighter)      Turns: 1282, Time: 00:02:42

Health: 2/19       AC:  6    Str: 18 (19) XL:     3   Next: 60%
Magic:  3/4        EV:  7    Int:  6 (8)  God:
Gold:   64         SH:  8    Dex: 10 (13) Spells: 2/2 levels left

rFire    . . .     SeeInvis .   a - +0 war axe
rCold    . . .     Gourm    .   c - +0 shield
rNeg     . . .     Faith    .   l - +0 scale mail
rPois    .         Spirit   +   (no helmet)
rElec    .         Reflect  .   o - scarf {cloud immunity}
rCorr    .         Harm     .   (no gloves)
MR       .....                  (no boots)
Stlth    ..........             (no amulet)
HPRegen  0.06/turn              (no ring)
MPRegen  0.09/turn              (no ring)

@: lethally poisoned (2 -> -5)
A: fangs 2, magic shield, antimagic bite, no potion heal 3, rot immunity
a: no special abilities


You were on level 2 of the Dungeon.
You were not hungry.

You visited 1 branch of the dungeon, and saw 2 of its levels.

You collected 64 gold pieces.

Inventory:

Hand Weapons
 a - a +0 war axe (weapon)
 b - a +0 hunting sling
   (You found it on level 1 of the Dungeon)
 i - a +2 short sword of draining
   (You took it off a kobold on level 1 of the Dungeon)
Missiles
 e - 21 arrows
 g - 45 stones (quivered)
 k - 23 sling bullets
Armour
 c - a +0 shield (worn)
 l - a +0 scale mail (worn)
 o - a scarf of cloud immunity (worn)
   (You found it on level 1 of the Dungeon)
Scrolls
 h - 4 scrolls of teleportation {unknown}
 m - 2 scrolls of identify {unknown}
Comestibles
 f - 4 rations {@e1}


   Skills:
 - Level 2.6 Fighting
 + Level 3.5 Axes
 - Level 2.4 Armour
 - Level 2.6 Shields


You had 2 spell levels left.
You didn't know any spells.

Dungeon Overview and Level Annotations

Branches:
Dungeon (2/15)

Altars:


Innate Abilities, Weirdness & Mutations

You have extremely sharp teeth.
When hurt, damage is shared between your health and your magic reserves.
Your bite disrupts and absorbs the magic of your enemies.
Potions cannot restore your health.
You are immune to rotting.


Message History

You now have 3/4 mp.
You slash the frilled lizard!
You kill the frilled lizard!
You see here a dagger.
You see here a club.
Done exploring.
MP restored: 4 Done exploring.
There is a stone staircase leading down here.
Unknown command.
You climb downwards.
There is a stone staircase leading up here.
Unknown command.
j - a black potion
f - 4 rations {@e1} (gained 1)
An adder skeleton comes into view.
An adder comes into view.
The adder hisses angrily.
A goblin comes into view. It is wielding a dagger.
The goblin shouts!
You block the adder skeleton's attack.
A rat comes into view.
You hit the adder skeleton. The adder skeleton bites you. x2
A giant cockroach comes into view.
You take 2 damage, and have 17/19 hp.
You hit the adder skeleton. Your bite misses the adder skeleton.
You block the adder skeleton's attack. x2
A goblin comes into view. It is wielding a club.
The goblin shouts!
You hit the adder skeleton. You bite the adder skeleton. You drain its power.
The adder skeleton bites you but does no damage.
You slash the adder skeleton!
You destroy the adder skeleton!
You block the adder's attack.
You barely miss the adder. Your bite misses the adder. The adder bites you. x2
You are poisoned.
The adder poisons you!
You take 3 damage, and have 15/19 hp.
You now have 3/4 mp.
Okay, then.
You closely miss the adder. Your bite misses the adder.
You feel sick. The adder completely misses you. The adder closely misses you.
You take 1 damage, and have 14/19 hp.
Unknown command.
You closely miss the adder.
You feel sick. The adder bites you but does no damage.
You take 1 damage, and have 13/19 hp.
Unknown command.
You feel very mighty all of a sudden. The adder barely misses you. x2
Unknown command.
Unknown command.
You barely miss the adder. Your bite misses the adder. The adder bites you.
You block the adder's attack.
You take 3 damage, and have 10/19 hp.
You miss the adder.
You feel sick. The adder bites you but does no damage.
You take 1 damage, and have 9/19 hp.
Unknown command.
You closely miss the adder. You block the adder's attack. x2
Unknown command.
You closely miss the adder. Your bite misses the adder.
The adder barely misses you. You block the adder's attack.
Unknown command.
You barely miss the adder.
You feel sick. The adder bites you.
* * * LOW HITPOINT WARNING * * *
You are lethally poisoned!
The adder poisons you! The adder bites you but does no damage.
You take 4 damage, and have 5/19 hp.
MASSIVE DAMAGE!!
Unknown command.
It was a potion of brilliance.
You feel clever all of a sudden. The adder bites you but does no damage.
You closely miss the adder. Your bite misses the adder.
* * * LOW HITPOINT WARNING * * *
You feel sick. You block the adder's attack. x2
You take 1 damage, and have 4/19 hp.
It was a potion of agility.
You feel agile all of a sudden.
* * * LOW HITPOINT WARNING * * *
You feel sick. The adder bites you but does no damage.
You take 1 damage, and have 3/19 hp.
It was a potion of cancellation.
Your magical effects are unravelling.
You feel magically purged.
You feel a little less mighty now.
You feel a little less clever now.
You feel a little less agile now. The adder bites you but does no damage.
It was a potion of degeneration.
There was something very wrong with that liquid.
You feel weakened.
You feel dopey.
You feel clumsy.
* * * LOW HITPOINT WARNING * * *
You feel sick. The adder bites you.
* * * LOW HITPOINT WARNING * * *
You block the adder's attack.
You take 2 damage, and have 2/19 hp.
Unknown command.
Unknown command.
Unknown command. ...........(. ..≈≈.≈..... .≈≈≈..... ≈≈≈≈... ≈≈≈P. sg.

#S# #@# #. .. #.#
#. . #.# ..#+. #.#
#.#.. #.# #.#.##
#.# #....# #.#
#....#####.#######
#..<..............


You could see an adder, a giant cockroach and a goblin.

Vanquished Creatures
  An adder skeleton (D:2)
  2 dart slugs (D:1)
  2 leopard geckos (D:1)
  2 bats (D:1)
  2 giant cockroaches (D:1)
  A goblin (D:1)
  6 hobgoblins (D:1)
  4 jackals (D:1)
  A frilled lizard (D:1)
  5 kobolds (D:1)
  7 rats (D:1)
33 creatures vanquished.

Notes
Turn   | Place    | Note
-------+----------+-------------------------------------------
     0 | D:1      | Charmandara the Vine Stalker Fighter began the quest for the Orb.
     0 | D:1      | Reached XP level 1. HP: 11/11 MP: 2/2
    32 | D:1      | Reached skill level 2 in Axes
    55 | D:1      | Reached XP level 2. HP: 5/16 MP: 0/3
   353 | D:1      | Reached skill level 3 in Axes
   356 | D:1      | Reached XP level 3. HP: 7/19 MP: 4/4
  1278 | D:2      | HP: 4/19 [poisoned by an adder]
  1282 | D:2      | Quit the game

Skill      XL: |  1  2 |
---------------+-------+-----
Axes           | 2 3 |  3.5
Fighting       | |  2.6
Armour         | |  2.4
Shields        | |  2.6

Action                   || total
-------------------------++-------
Melee: War axe           ||    86
       Bite              ||    22
 Fire: Hunting sling     ||     2
  Use: Potion            ||     5
  Eat: Chunk             ||     1
Armor: Scale mail        ||    34
Dodge: Dodged            ||    32
Block: Shield            ||    61

Vault maps used:
D:1:      erik_arrival_blinker_ship
D:2:      serial_undead, serial_undead_b, serial_undead_a, serial_undead_a,
          serial_undead_f, lemuel_blue_sif_altar

Table legend:
 A = Turns spent in this place as a percentage of turns spent in the entire game.
 B = Non-inter-level travel turns spent in this place as a percentage of non-inter-level travel turns spent in the entire game.
 C = Inter-level travel turns spent in this place as a percentage of turns spent in this place.
 D = Turns resting spent in this place as a percentage of non-inter-level travel turns spent in this place.
 E = Turns spent auto-exploring this place as a percentage of non-inter-level travel turns spent in this place.
 F = Non-inter-level travel turns spent in this place divided by the number of levels of this place that you've seen.
                   A       B       C       D       E      F
               +-------+-------+-------+-------+-------+----------------------
         Total | 100.0 | 100.0 |   2.7 |  30.3 |  50.2 | 624.0
       Dungeon | 100.0 | 100.0 |   2.7 |  30.3 |  50.2 | 624.0
               +-------+-------+-------+-------+-------+----------------------

Table legend:
 A = Kills in this place as a percentage of kills in entire the game.
 B = Kills by you in this place as a percentage of kills by you in the entire game.
 C = Kills by friends in this place as a percentage of kills by friends in the entire game.
 D = Other kills in this place as a percentage of other kills in the entire game.
 E = Experience gained in this place as a percentage of experience gained in the entire game.
 F = Experience gained in this place divided by the number of levels of this place that you have seen.
                   A       B       C       D       E      F
               +-------+-------+-------+-------+-------+----------------------
         Total | 100.0 | 100.0 |   N/A |   N/A | 100.0 |  31.5
       Dungeon | 100.0 | 100.0 |   N/A |   N/A | 100.0 |  31.5
               +-------+-------+-------+-------+-------+----------------------
